 Dungeon Crawl Stone Soup version 0.17-b1-18-g553e9fc (webtiles) character file.

106 Kloppie the Ruffian (level 4, 0/67 HPs)
             Began as a Troll Berserker on Nov 4, 2015.
             Was a Believer of Trog.
             Slain by a hobgoblin (5 damage)
             ... on level 1 of the Dungeon.
             The game lasted 00:02:15 (1028 turns).

Kloppie the Ruffian (Troll Berserker)               Turns: 1028, Time: 00:02:15

Health: 0/67       AC:  5    Str: 30    XL:     4   Next: 55%
Magic:  3/3        EV: 10    Int:  3    God:    Trog [**....]
Gold:   38         SH:  0    Dex: 10    Spells: 0 memorised, 3 levels left

rFire  . . .     SeeInvis .       - Unarmed
rCold  . . .     Clarity  .     a - +0 animal skin
rNeg   . . .     SustAt   .     (no shield)
rPois  .         Gourm    +     (helmet restricted)
rElec  .         Spirit   .     (no cloak)
rCorr  .         Warding  .     (gloves unavailable)
rMut   .         Stasis   .     (boots unavailable)
MR     ++...                    (no amulet)
Stlth  ..........               (no ring)
                                (no ring)

@: berserking, regenerating, drained, very quick, very resistant to hostile
enchantments, extremely unstealthy
A: unfitting armour, claws 3, fast metabolism 3, gourmand, regeneration 2,
shaggy fur 1, tough skin 2
a: Berserk, Trog's Hand, Burn Spellbooks, Renounce Religion


You were on level 1 of the Dungeon.
You worshipped Trog.
Trog was pleased with you.
You were very full.

You visited 1 branch of the dungeon, and saw 2 of its levels.

You collected 38 gold pieces.

Inventory:

Missiles
 e - 104 stones (quivered)
Armour
 a - a +0 animal skin (worn)
Scrolls
 d - 5 scrolls of identify {unknown}
 f - a scroll of noise {unknown}
 i - a scroll of remove curse {unknown}
 j - a scroll of teleportation {unknown}
 m - a scroll of blinking {unknown}
Potions
 c - a potion of lignification {unknown}
 g - a potion of might {unknown}
 k - 2 potions of agility {unknown}
 l - a potion of haste {unknown}
Comestibles
 b - 2 bread rations
 h - 3 meat rations
 n - a beef jerky
 o - a slice of pizza
 p - a royal jelly


   Skills:
 + Level 3.2(2.2) Fighting
 + Level 3.2(2.2) Dodging
 + Level 4.0(3.1) Unarmed Combat


You had 3 spell levels left.
You didn't know any spells.

Dungeon Overview and Level Annotations

Branches:
Dungeon (2/15)

Altars:
Kikubaaqudgha
Sif Muna

Annotations:
D:1 Robin


Innate Abilities, Weirdness & Mutations

You are too large for most types of armour.
You have claws for hands.
Your metabolism is lightning-fast.
You like to eat raw meat.
You heal very quickly.
You are covered in fur (AC +1).
You have very tough skin (AC +2).


Message History

You climb upwards.
There is a stone staircase leading down, spattered with blood here.
You barely miss Robin.
Robin is severely wounded.
The goblin misses you. The hobgoblin hits you.
* * * LOW HITPOINT WARNING * * *
The hobgoblin hits you.
* * * LOW HITPOINT WARNING * * *
Robin barely misses you.
Your skin crawls.
You feel resistant to hostile enchantments.
You feel slightly less full.
Robin disappears!
The goblin closely misses you. The hobgoblin barely misses you.
The goblin hits you with a club.
* * * LOW HITPOINT WARNING * * *
The hobgoblin hits you.
* * * LOW HITPOINT WARNING * * *
A red film seems to cover your vision as you go berserk!
You feel yourself moving faster!
You feel mighty!
You feel somewhat less full. The goblin barely misses you.
The hobgoblin hits you.
You die...

#........#........#..
#........#........#..
#........#........#..
#..............####..
#....................
#........#...........
####.#...##..........
#..)gg.####..........
#...@)............>..
#..§gg.####.........#
#......##......######
#......#.............
#......#.............
#......#...###.......
#......#..)..........
#.............#......
######........#......


You could see 2 hobgoblins and 2 goblins.

Vanquished Creatures
  3 adders (D:2)
  3 gnolls
  A worm (D:2)
  A giant gecko (D:1)
  5 bats
  2 giant cockroaches (D:1)
  14 goblins
  10 hobgoblins
  4 kobolds
  2 giant newts (D:1)
  7 rats
52 creatures vanquished.

Notes
Turn   | Place    | Note
--------------------------------------------------------------
     0 | D:1      | Kloppie the Troll Berserker began the quest for the Orb.
     0 | D:1      | Reached XP level 1. HP: 22/22 MP: 0/0
    52 | D:1      | Reached XP level 2. HP: 21/29 MP: 1/1
   288 | D:1      | Reached ** piety under Trog
   351 | D:1      | Reached XP level 3. HP: 36/36 MP: 2/2
   754 | D:2      | Found an ancient bone altar of Kikubaaqudgha.
   755 | D:2      | Found a deep blue altar of Sif Muna.
   934 | D:2      | Noticed Robin
   945 | D:1      | Reached XP level 4. HP: 34/45 MP: 3/3
  1013 | D:2      | Reached skill level 4 in Unarmed Combat
  1027 | D:1      | HP: 2/45 [hobgoblin[Robin] (3)]
  1028 | D:1      | Slain by a hobgoblin

Action                   |  1- 3 |  4- 6 || total
-------------------------+-------+-------++-------
Melee: Unarmed           |    96 |    27 ||   123
Invok: Berserk           |       |     2 ||     2
       Trog's Hand       |       |     1 ||     1
 Stab: Distracted        |     1 |       ||     1
  Eat: Chunk             |    12 |     3 ||    15
